Unix NetHack Version 5.0.0-0 post-release - last build May 23 2026 06:08:33 (1c0ff79ee797540d5714e4e18072db0edd9e58ae,branch:main).

Game began 2026-05-23 15:42:48, ended 2026-05-23 17:31:22.

HaganBacon, lawful female dwarven Valkyrie

                                         -------
                                         |..|..-----
                          ----------------.@e......|
                          |.^^^^/^......^.Z-...|...|
                          |+------------..`.*-.---.|
                          |.........|  --.|........|
                          |.........|   |.--.u----.|
                          |.........|   |..|.`.`.`.|
                          |.........|   |-*........|
                          |....<....|   |.`.|...|`.|
                          |.........|   |.-`-----..|
                          |.........|   |........`.|
                          |.........|   -------->.--
                          -----------          ----

HaganBacon the Fighter      St:14 Dx:13 Co:20 In:11 Wi:9 Ch:7  Lawful
Dlvl:4  $:84 HP:0(82) Pw:10(10) AC:-1 Xp:6 T:3414  Hungry  

Latest messages:
 You are carrying too much to get through.
 With great effort you move the boulder.
 You see here 17 rocks.
 With great effort you move the boulder.
 With great effort you move the boulder.
 The boulder suddenly rolls away from you!
 You hear a boulder fall.
 You see here 17 rocks.
 With great effort you move the boulder.
 You see here 17 rocks.
 You hit the human zombie!
 The human zombie misses!
 You destroy the human zombie!
 You see here a human corpse.
 You hit the floating eye.
 You are frozen by the floating eye's gaze!
 The human zombie hits!
 The human zombie hits!
 The human zombie hits!
 The human zombie hits!
 The human zombie hits!
 The human zombie hits!
 You are beginning to feel hungry.
 The human zombie hits!
 The human zombie hits!
 The human zombie hits!
 The human zombie just misses!
 The human zombie hits!
 The human zombie hits!
 The human zombie hits!
 The human zombie misses!
 The human zombie hits!
 The human zombie hits!
 The human zombie hits!
 The human zombie hits!
 The human zombie hits!
 The human zombie misses!
 The human zombie just misses!
 The human zombie hits!
 The human zombie hits!
 The human zombie hits!
 The human zombie hits!
 The human zombie hits!
 The human zombie hits!
 You die...
 Do you want your possessions identified? [ynq] (y) y
 Do you want to see your attributes? [ynq] (y) y
 Do you want an account of creatures vanquished? [ynaq] (y) n
 Do you want to see your conduct and achievements? [ynq] (y) n
 Do you want to see the dungeon overview? [ynq] (y) n

Inventory:
 Coins    ('$')
  $ - 84 gold pieces
 Weapons  (')')
  d - a +0 dagger (at the ready)
  a - a blessed +1 dwarvish spear (weapon in right hand)
 Armor    ('[')
  c - an uncursed +3 small shield (being worn)
  s - an uncursed +0 plate mail (being worn)
 Comestibles  ('%')
  g - an uncursed cram ration
  D - an uncursed fortune cookie
  B - 3 uncursed tripe rations
  f - an uncursed egg
 Scrolls  ('?')
  E - 2 uncursed scrolls of earth
 Rings    ('=')
  e - an uncursed ring of free action
  A - an uncursed ring of invisibility
  b - an uncursed ring of protection from shape changers (on right hand)
 Wands    ('/')
  C - a wand of create monster (0:13)
  o - a wand of striking (0:2)

HaganBacon the Valkyrie's attributes:

Background:
 You were a Fighter, a level 6 dwarven Valkyrie.
 You were lawful, nominally on a mission for Tyr
 who was opposed by Odin (neutral) and Loki (chaotic).
 You were right-handed.
 You were in Sokoban, on level 4.
 You entered the dungeon 3414 turns ago.
 You had 378 experience points, 262 more were needed to attain level 7.

Basics:
 You had 0 out of 82 hit points.
 You had all 10 energy points (spell power).
 Your armor class was -1.
 Your wallet contained 84 zorkmids.
 Autopickup was on for '$"?!=/' plus thrown.

Final Characteristics:
 Your strength was 14 (peak:18, limit:18/100).
 Your dexterity was 13 (limit:20).
 Your constitution was 20 (limit:20).
 Your intelligence was 11 (limit:16).
 Your wisdom was 9 (limit:16).
 Your charisma was 7 (limit:16).

Final Status:
 You were hungry.
 You were unencumbered.
 You were wielding a spear.
 You had basic skill with spear and could have enhanced that.

Final Attributes:
 You were piously aligned.
 You were cold resistant.
 You were sleep resistant.
 You had infravision.
 You were stealthy.
 You aggravated monsters.
 You were guarded.
 You were protected from shape changers.
 You were unlucky.
 You are dead.

Miscellaneous:
 You didn't encounter any bones levels.
 Total elapsed playing time was 1 hour, 46 minutes and 10 seconds.

Major events:
 Turn
    1: HaganBacon the lawful dwarven Valkyrie entered the dungeon
  973: entered the Gnomish Mines
 1277: attained the rank of Skirmisher (level 3)
 2638: entered Sokoban
 2848: attained the rank of Fighter (level 6)
 2940: completed 1st Sokoban level
 3414: killed by a human zombie, while frozen by a floating eye's gaze

You didn't know any spells.

Skills:
 Fighting Skills
   bare handed combat [Unskilled]
   two weapon combat  [Unskilled]
   riding             [Unskilled]
 Weapon Skills
   dagger             [Basic]
   axe                [Unskilled]
   pick-axe           [Unskilled]
   short sword        [Unskilled]
   broadsword         [Unskilled]
   long sword         [Unskilled]
   two-handed sword   [Unskilled]
   saber              [Unskilled]
   hammer             [Unskilled]
   quarterstaff       [Unskilled]
   polearms           [Unskilled]
   spear              [Basic]
   trident            [Unskilled]
   lance              [Unskilled]
   sling              [Unskilled]
 Spellcasting Skills
   attack spells      [Unskilled]
   escape spells      [Unskilled]

Voluntary challenges:
 Character rerolling was not enabled.
 You were an atheist.
 You never genocided any monsters.
 You never polymorphed an object.
 You never changed form.
 You used no wishes.
 You violated the special Sokoban rules twice.
Achievements:
 You entered a shop.
 You entered the Gnomish Mines.
 You attained the rank of Skirmisher.
 You entered Sokoban.
 You attained the rank of Fighter.

 The Dungeons of Doom: levels 1 to 7
    Level 1:
       A fountain.
    Level 2:
       A scroll shop, a fountain.
    Level 3:
       Many trees.
       Stairs down to The Gnomish Mines.
    Level 4:
    Level 5:
       Many fountains.
       Oracle of Delphi.
    Level 6:
       Some fountains.
       Stairs up to Sokoban, level 5.
    Level 7:
 The Gnomish Mines:
    Level 4:
 Sokoban: levels 5 up to 4
    Level 4: <- You were here.
       Unsolved.
       Final resting place for
          you, killed by a human zombie, while frozen by a floating eye's gaze.
    Level 5:
       Solved.


Vanquished creatures:
 an ochre jelly
  a wolf
  2 housecats
  a gnome mummy
  2 human zombies
  2 imps
  2 ponies
  a little dog
  a floating eye
  a kitten
  2 homunculi
  a rothe
  a rabid rat
  a giant bat
  a monkey
  5 dwarf zombies
  2 werejackals
  2 coyotes
  a manes
  a large kobold
  a hobgoblin
  a green mold
  4 geckos
  2 jackals
  2 foxes
  2 goblins
  3 grid bugs
  a lichen
  4 kobold zombies
  4 newts
55 creatures vanquished.

No species were genocided or became extinct.

Game over:
                       ----------
                      /          \
                     /    REST    \
                    /      IN      \
                   /     PEACE      \
                  /                  \
                  |    HaganBacon    |
                  |      84 Au       |
                  |   killed by a    |
                  |   human zombie   |
                  |                  |
                  |                  |
                  |       2026       |
                 *|     *  *  *      | *
        _________)/\\_//(\/(/\)/\//\/|_)_______

Farvel HaganBacon the Valkyrie...

You died in Sokoban on dungeon level 4 with 1910 points,
and 84 pieces of gold, after 3414 moves.
You were level 6 with a maximum of 82 hit points when you died.

